 Dungeon Crawl Stone Soup version 0.27-a0-203-gd48b2df3c9 (webtiles) character file.

Game seed: 420748321234929697

153 backslashecho the Skirmisher (level 5, 0/42 HPs)
             Began as a Mummy Fighter on Jan 30, 2021.
             Was an Initiate of Okawaru.
             Slain by an orc wizard
             ... wielding a +0 dagger
              (3 damage)
             ... on level 3 of the Dungeon.
             The game lasted 00:04:38 (2911 turns).

backslashecho the Skirmisher (Mummy Fighter)        Turns: 2911, Time: 00:04:38

Health: 0/42       AC:  6    Str: 21    XL:     5   Next: 12%
Magic:  5/5        EV:  7    Int:  7    God:    Okawaru [......]
Gold:   129        SH:  0    Dex: 11    Spells: 4/4 levels left

rFire    . . .     SeeInvis .   a - +0 war axe
rCold    + + .     Faith    .   c - +0 kite shield
rNeg     + + +     Spirit   .   b - +0 scale mail
rPois    ∞         Reflect  .   (no helmet)
rElec    .         Harm     .   e - scarf {rC+ rF+}
rCorr    .         Rampage  .   (no gloves)
Will     .....                  (no boots)
Stlth    ..........             (no amulet)
HPRegen  0.14/turn              (no ring)
MPRegen  0.09/turn              (no ring)

@: confused
A: no potions, fire vulnerability, cold resistance 1, negative energy resistance
3, torment resistance, unbreathing
a: Renounce Religion


You were on level 3 of the Dungeon.
You worshipped Okawaru.
Okawaru was noncommittal.
You visited 1 branch of the dungeon, and saw 4 of its levels.

You collected 129 gold pieces.

Inventory:

Hand Weapons
 a - a +0 war axe (weapon)
Missiles
 p - 18 poisoned darts (quivered)
Armour
 b - a +0 scale mail (worn)
 c - a +0 kite shield (worn)
 e - a scarf of resistance (worn)
Jewellery
 k - an uncursed ring of ice
 o - an uncursed ring of magical power {unknown}
Wands
 n - a wand of enslavement (6)
Scrolls
 g - a scroll of blinking {unknown}
 h - 4 scrolls of identify {unknown}
 i - 3 scrolls of teleportation {unknown}
 j - a scroll of noise {unknown}
 l - a scroll of immolation {unknown}
 m - 3 scrolls of amnesia {unknown}


   Skills:
 + Level 3.8 Fighting
 * Level 3.2 Axes
 - Level 2.4 Armour
 + Level 3.1 Shields
 + Level 0.7 Invocations


You had 4 spell levels left.
You didn't know any spells.
Your spell library was empty.

Dungeon Overview and Level Annotations

Branches:
Dungeon (4/15)
 Temple: D:4-7

Altars:
Cheibriados
Hepliaklqana
Okawaru
Sif Muna


Innate Abilities, Weirdness & Mutations

You do not drink.
Your flesh is vulnerable to fire.
You are immune to poison.
Your flesh is cold resistant. (rC+)
You are immune to negative energy. (rN+++)
You are immune to unholy pain and torment.
You can survive without breathing.


Message History

* * * LOW HITPOINT WARNING * * *
You take 5 damage, and have 6/42 hp.
Unknown command.
As you read the scroll labelled TOACWO GISON, it crumbles to dust.
Your bandages flutter.
It was a scroll of random uselessness.
You hear some strange, mumbled words.
A puff of flame appears from out of thin air!
The puff of flame hits you.
* * * LOW HITPOINT WARNING * * *
Something hits you but does no damage.
You take 4 damage, and have 2/42 hp.
As you read the scroll labelled MAXEAD YTUU, it crumbles to dust.
You feel blessed for a moment.
It was a scroll of remove curse.
Something hits you but does no damage.
You hear some strange, mumbled words.
You are confused.
You can't drink.
You are too confused!
You bump into the rock wall.
Something hits you.
You die...

#############.##.#.######........
#..#.#.....##........
##.#!#####......#....
#.#.##########.#....
#.#.........#..#..##
#...#######.#..#.##. ##.o#
#.#.##.#.. #{.# #.#.##..## ##@#
#.#....#.. ### #.####.##.
#.####).#. #.#......# #.#<....##
#.#......# #.###...#. ########.#
##.##. #........# #.#..


You could see an orc wizard.

Vanquished Creatures
  A howler monkey (D:3)
  A centaur skeleton (D:4)
  An adder (D:2)
  3 worms (D:3)
  2 dart slugs
  A leopard gecko (D:2)
  2 orcs (D:3)
  6 bats
  6 giant cockroaches
  7 goblins
  2 hobgoblins
  12 jackals
  6 frilled lizards
  5 kobolds
  A leopard gecko skeleton (D:4)
  12 rats
68 creatures vanquished.

Vanquished Creatures (others)
  A jackal (D:4)
1 creature vanquished.

Grand Total: 69 creatures vanquished

Notes
Turn   | Place    | Note
-------+----------+-------------------------------------------
     0 | D:1      | backslashecho the Mummy Fighter began the quest for the
                  | Orb.
     0 | D:1      | Reached XP level 1. HP: 18/18 MP: 1/1
   134 | D:1      | Reached XP level 2. HP: 12/24 MP: 2/2
   524 | D:1      | Reached XP level 3. HP: 26/29 MP: 3/3
   872 | D:2      | Found a snail-covered altar of Cheibriados.
  1467 | D:2      | Found a shimmering blue altar of Sif Muna.
  1709 | D:3      | Reached XP level 4. HP: 22/35 MP: 4/4
  2442 | D:4      | Found a hazy altar of Hepliaklqana.
  2442 | D:4      | Found a snail-covered altar of Cheibriados.
  2442 | D:4      | Found an iron altar of Okawaru.
  2449 | D:4      | Became a worshipper of Warmaster Okawaru
  2468 | D:4      | Noticed an ogre
  2615 | D:4      | Reached XP level 5. HP: 5/42 MP: 5/5
  2909 | D:3      | HP: 2/42 [something/puff of flame (4)]
  2911 | D:3      | Slain by an orc wizard

Illustrated notes

Levels and vault maps discovered:
D:1:      dpeg_arrival_stone_temple_mockup, layout_rooms, minmay_curled_crystal
D:2:      layout_basic, lemuel_blue_sif_altar, kennysheep_slug_shrine
D:3:      layout_basic, minmay_ruptured
D:4:      layout_layer_cave, marbit_many_paths,
          chequers_temple_overflow_statue_of_worship,
          lemuel_coloured_pillars_altar, temple_doors_e, gup_sewer_entry_spiral,
          serial_shops, kennysheep_mini_moat

Skill      XL: |  1  2  3  4 |
---------------+-------------+-----
Axes           | 2 3 |  3.2
Shields        | 3 |  3.1
Fighting       | |  3.8
Armour         | |  2.4
Invocations    | |  0.7

Action                   |  1- 3 |  4- 6 || total
-------------------------+-------+-------++-------
Melee: War axe           |   152 |    59 ||   211
Throw: Dart              |       |     2 ||     2
Evoke: Wand              |       |     1 ||     1
  Use: Scroll            |       |     2 ||     2
Armor: Scale mail        |   107 |    55 ||   162
Dodge: Dodged            |    67 |    27 ||    94
Block: Kite shield       |    96 |    46 ||   142

Table legend: (Time is in decaauts)
 A = Elapsed time spent in this place.
 B = Non-inter-level travel time spent in this place.
 C = Inter-level travel time spent in this place.
 D = Time resting spent in this place.
 E = Time spent auto-exploring this place.
 F = Levels seen in this place.
 G = Mean time per level.
                   A        B        C        D        E       F      G
               +--------+--------+--------+--------+--------+-----+--------+
         Total |   3045 |   2910 |    135 |    887 |   1413 |   4 |  761.2 |
       Dungeon |   3045 |   2910 |    135 |    887 |   1413 |   4 |  761.2 |
               +--------+--------+--------+--------+--------+-----+--------+

Top non-repeatable levels by time:
     D:3: 1051 daAuts
     D:2: 1013 daAuts
     D:1: 911 daAuts
     D:4: 69 daAuts
